 Dungeon Crawl Stone Soup version 0.25.1-2-g60ff931df9 (webtiles) character file.

Game seed: 3534967120087656581

131 hawla the Skirmisher (level 4, -2/41 HPs)
             Began as a Minotaur Fighter on Oct 23, 2020.
             Slain by an orc warrior
             ... wielding a +0 hand axe
              (20 damage)
             ... on level 3 of the Dungeon.
             The game lasted 00:05:24 (3322 turns).

hawla the Skirmisher (Minotaur Fighter)             Turns: 3322, Time: 00:05:25

Health: -2/41      AC:  4    Str: 21    XL:     4   Next: 91%
Magic:  3/3        EV: 12    Int:  5    God:
Gold:   128        SH:  0    Dex: 10    Spells: 3/3 levels left

rFire    . . .     SeeInvis .   a - +0 long sword
rCold    . . .     Gourm    .   (no shield)
rNeg     . . .     Faith    .   g - +0 robe
rPois    .         Spirit   .   (helmet restricted)
rElec    .         Reflect  .   (no cloak)
rCorr    .         Harm     .   r - +0 pair of gloves
MR       .....                  i - +0 pair of boots
Stlth    +.........             (no amulet)
HPRegen  0.13/turn              (no ring)
MPRegen  0.08/turn              (no ring)

@: no status effects
A: retaliatory headbutt, horns 2
a: no special abilities


You were on level 3 of the Dungeon.
You were not hungry.

You visited 1 branch of the dungeon, and saw 3 of its levels.

You collected 128 gold pieces.

Inventory:

Hand Weapons
 a - a +0 long sword (weapon)
Missiles
 c - 23 poisoned darts
 n - 2 javelins (quivered)
Armour
 b - a +0 scale mail
 g - a +0 robe (worn)
 i - a +0 pair of boots (worn)
 r - a +0 pair of gloves (worn)
Scrolls
 e - 2 scrolls of remove curse
 m - a scroll of fog
 s - a scroll of identify
 t - a scroll of amnesia {unknown}
Potions
 d - a potion of might
 h - 2 potions of brilliance {unknown}
 j - 3 potions of stabbing {unknown}
 l - 2 potions of mutation {unknown}
 o - a potion of heal wounds
 p - 3 potions of resistance {unknown}
 q - a potion of lignification
Comestibles
 f - 9 rations
 k - 9 chunks of flesh


   Skills:
 + Level 4.9 Fighting
 + Level 3.6 Long Blades
 + Level 4.2 Armour
 * Level 2.2 Dodging
 + Level 0.2 Stealth
   Level 3.6 Shields


You had 3 spell levels left.
You didn't know any spells.
Your spell library was empty.

Dungeon Overview and Level Annotations

Branches:
Dungeon (3/15)

Altars:


Innate Abilities, Weirdness & Mutations

You reflexively headbutt those who attack you in melee.
You have a pair of horns on your head.


Message History

The orc barely misses you. You furiously retaliate!
You headbutt the orc. The rat closely misses you. The orc closely misses you.
The rat misses you.
You closely miss the orc. You headbutt the orc.
You kill the orc!
The rat bites you but does no damage.
You hit the rat but do no damage. Your headbutt misses the rat.
The rat closely misses you. You furiously retaliate!
You headbutt the rat!
You kill the rat!
The orc completely misses you. You furiously retaliate!
You headbutt the orc!
You kill the orc!
The orc warrior hits you with a +0 hand axe!!
Ouch! That really hurt!
You see here a rat corpse.
You are too injured to fight recklessly!
You are too injured to fight recklessly!
You are too injured to fight recklessly!
You are too injured to fight recklessly!
Unknown command.
The orc warrior hits you with a +0 hand axe!!
You die...

# #...........
###........... #.# #
÷)÷.)..####### ##.# .##
........# ######<.# #..
........###....#..#...
.........##....#..#.#
.......#.##....#....
.......#.###.#.##.###.#
.......#.###.#..@.)...#
......#.......###o##..#
......#....<..#..)....#
#######.........#........
#.......###..##.###
#.......# #... #
#.......# #.### #.......#
#.# #.......# #.#


You could see an orc warrior.

Vanquished Creatures
  A jelly (D:3)
  2 adders
  4 worms (D:2)
  4 dart slugs
  3 orcs (D:3)
  4 bats
  2 giant cockroaches (D:2)
  12 goblins
  8 hobgoblins
  A ball python (D:1)
  5 frilled lizards
  6 kobolds
  A quokka zombie (D:3)
  12 rats
65 creatures vanquished.

Notes
Turn   | Place    | Note
-------+----------+-------------------------------------------
     0 | D:1      | hawla the Minotaur Fighter began the quest for the Orb.
     0 | D:1      | Reached XP level 1. HP: 19/19 MP: 0/0
   276 | D:1      | Reached XP level 2. HP: 25/27 MP: 1/1
   425 | D:1      | Reached skill level 1 in Dodging
  1017 | D:1      | Reached XP level 3. HP: 33/33 MP: 2/2
  2237 | D:2      | Reached XP level 4. HP: 24/41 MP: 3/3
  3315 | D:3      | Noticed an orc warrior
  3322 | D:3      | Slain by an orc warrior

Illustrated notes

Levels and vault maps discovered:
D:1:      onia_arrival_handbag, layout_basic, serial_bayou,
          serial_bayou_shore_b, serial_bayou_lagoon_a, serial_bayou_crossing,
          serial_bayou_shore_b
D:2:      layout_basic, minmay_goblin_outpost
D:3:      layout_basic, yredelemnul_forgotten_temple_becter, first_ration,
          minmay_mini_jars

Skill      XL: |  1  2  3  4 |
---------------+-------------+-----
Dodging        | 1 2 |  2.2
Fighting       | 4 |  4.9
Armour         | 4 |  4.2
Long Blades    | 3 |  3.6
Stealth        | |  0.2
Shields        | |  3.6

Action                   |  1- 3 |  4- 6 || total
-------------------------+-------+-------++-------
Melee: Long sword        |    84 |    24 ||   108
       Headbutt          |    21 |     7 ||    28
Throw: Javelin           |     3 |       ||     3
  Use: Scroll            |     4 |     2 ||     6
       Potion            |     1 |       ||     1
  Eat: Chunk             |     4 |     4 ||     8
Armor: Scale mail        |     9 |       ||     9
       Skin              |    12 |       ||    12
       Robe              |       |     2 ||     2
Dodge: Dodged            |    49 |    18 ||    67
       Rpst.: Long sword |    18 |     4 ||    22
